 Dungeon Crawl Stone Soup version 0.28.0-53-g5a82cb258f (webtiles) character file.

Game seed: 12785995646979622971

168 Sin92 the Digger (level 5, -2/37 HPs)
             Began as a Demonspawn Earth Elementalist on July 7, 2022.
             Slain by a sky beast (6 damage)
             ... on level 4 of the Dungeon.
             The game lasted 00:06:56 (3952 turns).

Sin92 the Digger (Demonspawn Earth Elementalist)    Turns: 3952, Time: 00:06:57

Health: -2/37      AC:  6    Str:  9    XL:     5   Next: 23%
Magic:  2/8        EV: 12    Int: 16    God:
Gold:   111        SH:  0    Dex: 15    Spells: 8/9 levels left

rFire   . . .      SeeInvis .   n - +2 long sword (protect)
rCold   . . .      Faith    .   (no shield)
rNeg    + . .      Spirit   .   i - +0 leather armour
rPois   .          Reflect  .   (no helmet)
rElec   .          Harm     .   j - +0 cloak
rCorr   .          Rampage  .   (no gloves)
Will    .....                   (no boots)
Stlth   ++........              (no amulet)
HPRegen 0.12/turn               h - ring of positive energy
MPRegen 0.11/turn               l - +4 ring of slaying

@: no status effects
A: thin metallic scales 1, foul stench 2
a: no special abilities


You were on level 4 of the Dungeon.
You visited 1 branch of the dungeon, and saw 4 of its levels.

You collected 111 gold pieces.

Inventory:

Hand Weapons
 d - a +0 dagger of venom
 g - a +0 short sword
 n - a +2 long sword of protection (weapon)
 o - a +0 spear of flaming
Missiles
 c - 70 stones
Armour
 b - a +0 robe
 i - a +0 leather armour (worn)
 j - a +0 cloak (worn)
Jewellery
 h - a ring of positive energy (left hand)
 l - a +4 ring of slaying (right hand)
Scrolls
 a - 2 scrolls of identify
 m - a scroll of torment
Potions
 e - a potion of curing
 f - a potion of attraction {unknown}


   Skills:
 + Level 1.4 Fighting
 - Level 1.4(1.5) Short Blades
 * Level 0.5(1.1) Long Blades
 + Level 1.2 Armour
 + Level 2.3 Dodging
 + Level 2.4 Stealth
 + Level 2.5 Spellcasting
 + Level 1.6 Transmutations
 + Level 3.1 Earth Magic


You had 8 spell levels left.
You knew the following spells:

 Your Spells              Type           Power      Damage    Failure   Level
a - Sandblast             Erth           24%        2d8       8%          1

Your spell library contained the following spells:

 Spells                   Type           Power      Damage    Failure   Level
 Passwall                 Tmut/Erth      7%         N/A       16%         2
 Stone Arrow              Conj/Erth      14%        3d7       38%         3
 Petrify                  Tmut/Erth      9%         N/A       69%         4


Dungeon Overview and Level Annotations

Branches:
Dungeon (4/15)
 Temple: D:4-7

Altars:

Annotations:
D:4 Grinder


Innate Abilities, Weirdness & Mutations

You are partially covered in thin metallic scales. (AC +2)
You sometimes emit foul miasma when damaged in melee.


Message History

Aim: Grinder (severely wounded, 77% to hit)
The blast of sand misses Grinder.
Grinder hits you!
* * * LOW HITPOINT WARNING * * *
You emit a cloud of foul miasma!
It was a potion of curing.
You feel better.
Grinder blinks!
You are too injured to fight recklessly!
Aiming: Sandblast (safe; 8% risk of failure)
Press: ? - help, Q - select action, (/) - cycle Shift-Dir - straight line, f/p - Grinder
Aim: Grinder (severely wounded, 77% to hit)
The blast of sand hits Grinder.
Grinder is severely wounded.
Grinder blinks!
As you read the scroll labelled QININO KEFA, it crumbles to dust.
It is a scroll of enchant weapon.
Your +1 long sword of protection glows red for a moment.
Aiming: Sandblast (safe; 8% risk of failure)
Press: ? - help, Q - select action, (/) - cycle Shift-Dir - straight line, f/p - Grinder
Aim: Grinder (severely wounded, 77% to hit)
You miscast Sandblast.
You are very lightly contaminated with residual magic.
Nothing appears to happen.
Grinder blinks!
The sky beast flickers out of sight!
Deactivating autopickup; reactivate with Ctrl-A.
l - a +4 ring of slaying (right hand)
As you read the scroll labelled SAEHUHAECA, it crumbles to dust.
Your body is wracked with pain!
* * * LOW HITPOINT WARNING * * *
Something is bathed in an unholy light!
It was a scroll of torment.
You slash something!
Your weapon exudes an aura of protection.
Something hits you but does no damage. x2
You barely miss something. Something hits you but does no damage.
You closely miss something.
Grinder blinks!
Something completely misses you.
You closely miss something.
Something hits you but does no damage. x2
Your magical contamination has completely faded away.
You miss something. Something hits you.
* * * LOW HITPOINT WARNING * * *
Something shocks you.
You die...

##..†..........
###.)...................
##..##..#...............
###.#...##..........[...
.....).##......<.......
...)........###......#
.##.................
....##..>....?...{#
....#.)..>.....#@.#
...........§......###
..#.................#
.##.#...............#
.#......##......#..##
..........#....###.#
.........#####.# ##
.......# ### ......


There were no monsters in sight!

Vanquished Creatures
  A bullfrog skeleton (D:4)
  An orc wizard (D:3)
  A hound skeleton (D:4)
  2 adders (D:2)
  A gnoll (D:1)
  A worm (D:2)
  3 dart slugs
  2 orcs (D:3)
  3 ball pythons
  5 bats
  4 endoplasms
  A giant cockroach (D:2)
  7 hobgoblins
  3 jackals (D:2)
  5 quokkas
  3 frilled lizards
  7 goblins
  7 kobolds
  7 rats
64 creatures vanquished.

Notes
Turn   | Place    | Note
-------+----------+-------------------------------------------
     0 | D:1      | Sin92 the Demonspawn Earth Elementalist began the quest for
                  | the Orb.
     0 | D:1      | Reached XP level 1. HP: 13/13 MP: 3/3
    37 | D:1      | Reached skill level 1 in Transmutations
   271 | D:1      | Gained mutation: You are partially covered in thin metallic
                  | scales. (AC +2) [demonic ancestry]
   271 | D:1      | Reached XP level 2. HP: 11/19 MP: 5/5
   888 | D:1      | Gained mutation: You may rarely emit foul miasma when
                  | damaged in melee. [demonic ancestry]
   888 | D:1      | Reached XP level 3. HP: 18/25 MP: 2/6
  1665 | D:2      | Found a faded altar of an unknown god.
  2004 | D:2      | Reached skill level 1 in Short Blades
  2074 | D:2      | Reached skill level 1 in Fighting
  2506 | D:2      | Reached XP level 4. HP: 32/32 MP: 4/7
  2810 | D:3      | Reached skill level 3 in Earth Magic
  2977 | D:3      | Reached skill level 1 in Armour
  3223 | D:3      | HP: 1/32 [orc/+0 short sword (4)]
  3835 | D:4      | Gained mutation: You sometimes emit foul miasma when
                  | damaged in melee. [demonic ancestry]
  3835 | D:4      | Reached XP level 5. HP: 37/37 MP: 2/8
  3926 | D:4      | Noticed Grinder
  3939 | D:4      | Noticed a sky beast
  3941 | D:4      | HP: 1/37 [Grinder (7)]
  3952 | D:4      | Slain by a sky beast

Illustrated notes

Levels and vault maps discovered:
D:1:      dpeg_arrival_subterranean_lakeside_camping, layout_basic
D:2:      layout_basic, serial_co_window_serial, co_window_of_opportunity_a,
          co_window_paths_a, co_window_corner_a, co_window_of_opportunity_a,
          co_window_paths_a, co_window_corner_cb, co_window_unsneaky_path_d,
          co_window_of_opportunity_c, co_window_corner_b, co_window_4corner_a,
          glass_columns_b, glass_columns_a, glass_columns_b, glass_columns_c,
          basic_ecumenical_altar, chequers_serial_rivers_small_b,
          kennysheep_generic_room_15
D:3:      layout_basic
D:4:      layout_cave_pools, kennysheep_little_box,
          mainiacjoe_overflow_alcove_2, uniq_grinder

Skill      XL: |  1  2  3  4 |
---------------+-------------+-----
Transmutations | 1 |  1.6
Dodging        | 2 |  2.3
Stealth        | 2 |  2.4
Short Blades   | 1 |  1.4
Fighting       | 1 |  1.4
Earth Magic    | 3 |  3.1
Armour         | 1 |  1.2
Long Blades    | |  0.5
Spellcasting   | |  2.5

Action                   |  1- 3 |  4- 6 || total
-------------------------+-------+-------++-------
Melee: Unarmed           |    15 |       ||    15
       Dagger            |    36 |       ||    36
       Punch             |     4 |     4 ||     8
       Short sword       |    97 |    65 ||   162
       Long sword        |       |    19 ||    19
 Cast: Sandblast         |    27 |    20 ||    47
  Use: Scroll            |     3 |     2 ||     5
       Potion            |       |     1 ||     1
 Stab: Sleeping          |     1 |     1 ||     2
Armor: Robe              |    22 |       ||    22
       Leather armour    |    49 |    42 ||    91
Dodge: Dodged            |   109 |    41 ||   150
